 Dungeon Crawl Stone Soup version 0.31-a0-934-gf4fcaacff8 (console) character file.

Game seed: 6896810208697079624

137769 soseboi the Marksgargoyle (level 17, -3/113 HPs)
             Began as a Gargoyle Hunter on Oct 20, 2023.
             Was the Champion of the Shining One.
             Slain by a spriggan rider
             ... wielding a +0 spear
              (12 damage)
             ... on level 3 of the Swamp.
             The game lasted 01:00:14 (22009 turns).

soseboi the Marksgargoyle (Gargoyle Hunter)        Turns: 22009, Time: 01:00:15

Health: -3/113     AC: 41    Str: 19    XL:     17   Next: 24%
Magic:  0/25       EV:  9    Int: 11    God:    the Shining One [******]
Gold:   1579       SH:  0    Dex: 25    Spells: 16/16 levels left

rFire   + + +        N - +2 longbow (flame)
rCold   + . .        (shield currently unavailable)
rNeg    + + +        I - +3 chain mail of Tenacity {rF+++ SInv}
rPois   ∞            R - +3 helmet "Kehankac" {Rampage rCorr Str+3 SInv}
rElec   +            E - +0 cloak
rCorr   +            Q - +0 pair of gloves
SInv    +            W - +1 pair of boots {Fly}
Will    +....        p - amulet of regeneration
Stlth   +            M - ring of protection from cold
HPRegen 1.98/turn    l - +6 ring of dexterity
MPRegen 0.19/turn

%: rampage
@: flying, glowing
A: sickness immunity, AC +12, big wings, negative energy resistance 1,
electricity resistance, torment resistance 1, petrification resistance,
iridescent scales 1, regeneration 1, wild magic 1, MP-powered wands
a: Renounce Religion, Divine Shield, Cleansing Flame, Summon Divine Warrior,
Brand Weapon With Holy Wrath


You were on level 3 of the Swamp.
You worshipped the Shining One.
The Shining One was exalted by your worship.
You visited 5 branches of the dungeon, and saw 26 of its levels.
You also visited: Sewer and Ice Cave.

You collected 2278 gold pieces.
You spent 699 gold pieces at shops.

Inventory:

Hand Weapons
 m - the +11 arbalest of Urok {antimagic, rN+ Int+3}
   (You bought it in a shop on level 2 of the Orcish Mines)

   Int+3:     It affects your intelligence (+3).
   rN+:       It protects you from negative energy.
 N - a +2 longbow of flaming (weapon)
Missiles
 K - a throwing net
Armour
 n - the +1 pair of boots of Gluttony {-Cast Str+5}
   (You found it on level 2 of the Dungeon)

   Str+5:     It affects your strength (+5).
   -Cast:     It prevents spellcasting.
 E - a +0 cloak (worn)
 I - the +3 chain mail of Tenacity (worn) {rF+++ SInv}
   (You found it on level 4 of the Lair of Beasts)

   rF+++:     It renders you almost immune to fire.
   SInv:      It lets you see invisible.
 Q - a +0 pair of gloves (worn)
 R - the +3 helmet "Kehankac" (worn) {Rampage rCorr Str+3 SInv}
   (You found it on level 10 of the Dungeon)

   Str+3:     It affects your strength (+3).
   SInv:      It lets you see invisible.
   rCorr:     It protects you from acid and corrosion.
   Rampage:   It bestows one free step when moving towards enemies.
 W - a +1 pair of boots of flying (worn)
Jewellery
 l - a +6 ring of dexterity (right hand)
 p - an amulet of regeneration (around neck)
 y - a ring of flight
 A - a +6 ring of strength
 M - a ring of protection from cold (left hand)
 P - a +4 ring of slaying
 U - a +5 ring of evasion
 V - an amulet of magic regeneration
Wands
 c - a wand of flame (45)
 h - a wand of roots (17)
 j - a wand of acid (14)
 w - a wand of charming (8)
 B - a wand of mindburst (37)
 F - a wand of polymorph (11)
 L - a wand of digging (4)
Scrolls
 b - 2 scrolls of silence
 d - 7 scrolls of fog
 g - 12 scrolls of teleportation
 k - 4 scrolls of poison
 q - 2 scrolls of identify
 s - 3 scrolls of noise
 v - 3 scrolls of amnesia
 x - 2 scrolls of enchant weapon
 C - 2 scrolls of revelation
 H - a scroll of immolation
 J - a scroll of brand weapon
 T - 3 scrolls of vulnerability
Potions
 a - 2 potions of magic
 e - 3 potions of ambrosia
 f - 5 potions of mutation
 i - 2 potions of brilliance
 o - 2 potions of cancellation
 r - 2 potions of lignification
 t - 4 potions of attraction
 u - 3 potions of might
 z - 2 potions of haste
 D - 5 potions of heal wounds
 G - 5 potions of curing
 O - a potion of invisibility
 S - a potion of enlightenment


   Skills:
 + Level 15.0 Fighting
 + Level 20.6 Ranged Weapons
 + Level 14.6 Armour
 - Level 1.5 Dodging
 - Level 10.0 Stealth
 + Level 11.2 Invocations


You had 16 spell levels left.
You didn't know any spells.
Your spell library contained the following spells:

 Spells                   Type           Power      Damage    Failure   Level
 Apportation              Tloc           0%         N/A       90%         1
 Summon Small Mammal      Summ           0%         N/A       90%         1
 Ensorcelled Hibernation  Hex/Ice        0%         N/A       96%         2
 Jinxbite                 Hex            0%         N/A       96%         2
 Lesser Beckoning         Tloc           0%         N/A       96%         2
 Poisonous Vapours        Pois/Air       0%         N/A       96%         2
 Wereblood                Tmut           0%         N/A       96%         2
 Call Canine Familiar     Summ           0%         N/A       99%         3
 Gell's Gravitas          Tloc           0%         N/A       99%         3
 Mephitic Cloud           Conj/Pois/Air  0%         N/A       99%         3
 Sigil of Binding         Hex            0%         N/A       99%         3
 Summon Guardian Golem    Hex/Summ       0%         N/A       99%         3
 Teleport Other           Tloc           0%         N/A       99%         3
 Anguish                  Hex/Necr       0%         N/A       100%        4
 Animate Armour           Summ/Erth      0%         N/A       100%        4
 Dimensional Bullseye     Hex/Tloc       0%         N/A       100%        4
 Leda's Liquefaction      Hex/Erth       0%         N/A       100%        4
 Summon Lightning Spire   Summ/Air       0%         N/A       100%        4
 Alistair's Intoxication  Tmut/Pois      0%         N/A       100%        5
 Freezing Cloud           Conj/Ice/Air   0%         6-21      100%        5
 Lee's Rapid Deconstruct  Erth           0%         3d4*      100%        5
 Orb of Destruction       Conj           0%         9d5       100%        7
 Spellforged Servitor     Conj/Summ      0%         N/A       100%        7
 Summon Hydra             Summ           0%         N/A       100%        7
 Sublimation of Blood     Necr           Unusable   N/A       N/A         2

Dungeon Overview and Level Annotations

Branches:
Dungeon (15/15)            Temple (1/1) D:5            Lair (5/5) D:10
  Swamp (3/4) Lair:2        Snake (0/4) Lair:3        Slime (0/5) Lair:4
    Orc (2/2) D:12            Elf (0/3) Orc:2        Vaults (0/5) D:13
 Depths (0/4) D:15          Sewer (visited)           IceCv (visited)

Altars:
Ashenzari
Cheibriados
Dithmenos
Elyvilon
Fedhas
Gozag
Hepliaklqana
Kikubaaqudgha
Makhleb
Nemelex Xobeh
Okawaru
Qazlal
Ru
Sif Muna
Trog
Uskayaw
Vehumet
Wu Jian
Xom
Yredelemnul
Zin
The Shining One

Shops:
D:3 :   D:4 =   D:5 *=([?   Orc:2 *(:[*

Annotations:
D:3 1 runed translucent door, atomjack's ghost, amateur DsCj
D:11 2 transporters, Errthou's ghost, novice TrBe


Innate Abilities, Weirdness & Mutations

You are immune to sickness and miasma.
Your stone body is resilient. (AC +12)
You are immune to poison.
Your large and strong wings let you fly.
You resist negative energy. (rN+)
You are resistant to electric shocks. (rElec)
You are resistant to unholy torment.
You are immune to petrification.
You are partially covered in iridescent scales. (AC +2)
Your natural rate of healing is unusually fast.
Your spells are a little harder to cast, but a little more powerful.
You expend magic power (3 MP) to strengthen your wands.


Message History

You shoot an arrow. The arrow hits the spriggan berserker!
The arrow burns the spriggan berserker!
The spriggan berserker is severely wounded.
The spriggan berserker closely misses you.
The spriggan rider hits you but does no damage.
The spriggan berserker hits you with a +1 antimagic war axe.
Aiming: Corrosive Bolt
Press: ? - help, Shift-Dir - straight line, f - spriggan rider, p - spriggan berserker
Aim: a spriggan rider, wielding a +0 spear, wearing a +0 buckler and quivering curare-tipped darts (moderately wounded, haloed, 61% to hit)
The bolt of acid hits the spriggan berserker!
The acid corrodes the spriggan berserker!
The spriggan berserker is almost dead.
The bolt of acid hits the spriggan rider!
The spriggan rider is heavily wounded.
The spriggan rider hits you but does no damage.
The spriggan berserker hits you with a +1 antimagic war axe!
The swamp worm fires a harpoon shot at you.
The harpoon shot hits you.
You are yanked forward by the harpoon shot.
The swamp worm bites you but does no damage.
The spriggan berserker attacks as it pursues you!
The spriggan berserker hits you with a +1 antimagic war axe.
The spriggan berserker hits you with a +1 antimagic war axe!
* * * LOW HITPOINT WARNING * * *
The spriggan rider closely misses you.
You see here a human skeleton.
Aiming: Fastroot
Press: ? - help, Shift-Dir - straight line, f/p - spriggan rider
Aim: a spriggan rider, wielding a +0 spear, wearing a +0 buckler and quivering curare-tipped darts (heavily wounded, haloed)
The roots erupt in riotous growth!
Roots grab the spriggan berserker.
Roots grab the swamp worm.
Roots grab the spriggan rider.
The grasping roots constrict the spriggan berserker.
The grasping roots constrict the spriggan rider.
The grasping roots constrict the swamp worm.
The spriggan berserker hits you with a +1 antimagic war axe!
* * * LOW HITPOINT WARNING * * *
The swamp worm struggles to escape constriction.
The spriggan rider hits you from afar with a +0 spear!
You die...

.....~.~§♣.......~......~.
~(...~.............~..~~..
....~~.~..##+##..~~~..♣...
~.~......##...##..~...~~..
.§...~..##.....##....§...#
~....~..#...#...#....♣....
~.~.~......##...#..~......
♣~~..~..#...#...#.....~.##
♣.......#@.....##..~.♣♣...
♣~~~~♣♣wi##...##....~♣♣.#.
...~. ♣♣iw##.##.....♣♣♣..#
.~♣♣~♣♣♣♣.......~>~.♣ ...
.. ♣~i~i.....~~~~.~ ♣..#
....~~.i~...~~.~~~~..♣♣♣..
♣♣.~~~~♣♣~§~~~~~~~~.)§ ~~.
♣~.§~~. ♣.~~~~~~~~.~ ~..♣
...♣♣♣. ♣..~~..~..~~ ..§♣


You could see a spriggan rider (rooted), a spriggan berserker (berserk,
regenerating, strong-willed, corroded, rooted) and a swamp worm (rooted).

Vanquished Creatures
  Gastronok (Lair:2)
  Frances (Lair:2)
  A thorn hunter (Swamp:3)
  An orc warlord (Orc:1)
  A very ugly thing (D:15)
  2 eleionomae
  A stone giant (D:15)
  Nessos (Orc:1)
  4 bunyips
  18 hydras
  Harold (Lair:2)
  A vault guard (D:13)
  A spriggan air mage (Swamp:3)
  6 alligators
  An ogre mage (D:15)
  2 catoblepae
  5 two-headed ogres
  3 centaur warriors
  A ghost crab (Swamp:1)
  An ironbound frostheart (D:13)
  A boulder beetle (Lair:5)
  4 tengu warriors
  4 orc high priests (Orc:2)
  11 death yaks
  A fire crab (shapeshifter) (D:14)
  An arcanist (D:15)
  3 skysharks
  2 goliath frogs (Swamp:1)
  2 swamp dragons (Swamp:3)
  3 bog bodies
  A lindwurm (Lair:5)
  2 occultists (D:14)
  A deep elf pyromancer (D:15)
  4 orc knights
  2 will-o-the-wisps
  4 orc sorcerers
  6 cyclopes
  31 ugly things
  5 manticores
  A salamander (Lair:3)
  18 elephants
  14 slime creatures
  5 black mambas
  3 torpor snails
  9 cane toads
  Maggie (Lair:2)
  A gargoyle (D:14)
  4 rime drakes
  An efreet (D:14)
  2 unseen horrors
  A kobold demonologist (D:14)
  6 komodo dragons
  A yaktaur (D:15)
  A tengu conjurer (D:13)
  2 hornets
  3 polar bears
  A bloated husk (Swamp:2)
  A wolf spider simulacrum (D:15)
  11 trolls
  30 blink frogs
  A hornet (shapeshifter) (D:15)
  15 dream sheep
  4 tyrant leeches
  Sigmund (D:5)
  A centaur simulacrum (D:15)
  78 yaks
  3 shadows
  3 water elementals
  4 wyverns
  2 wraiths
  A human (shapeshifter) (D:14)
  4 humans (D:13)
  7 basilisks
  2 steam dragons (D:9)
  6 vampire mosquitoes
  7 wargs
  10 swamp worms
  2 harpy simulacra (D:15)
  Duvessa (D:6)
  9 water moccasins
  46 orc warriors
  A black bear (D:4)
  A swamp drake (Swamp:3)
  7 ogres
  10 wolves
  3 centaurs
  A phantom (D:4)
  2 kobold brigands (Sewer)
  4 scorpions
  14 bullfrogs
  4 gnoll sergeants
  Dowan (D:6)
  3 killer bees (D:10)
  5 electric eels
  A vampire bat (D:5)
  6 howler monkeys
  3 lava snakes (Lair:3)
  A hound (D:6)
  A sleepcap (D:6)
  30 orc priests
  A jelly (D:4)
  Jessica (D:3)
  2 iguanas
  38 orc wizards
  A hound zombie (D:2)
  A mummy (D:4)
  16 gnolls
  9 adders
  6 river rats (Sewer)
  A white imp (D:15)
  2 ufetubi (D:15)
  An adder skeleton (D:2)
  A worm (D:4)
  3 dart slugs
  83 orcs
  10 ball pythons
  4 bats
  2 bat skeletons
  4 bat zombies
  5 endoplasms
  8 giant cockroaches
  5 goblins
  4 hobgoblins
  7 jackals
  13 kobolds
  6 quokkas
  7 frilled lizards
  A quokka zombie (D:2)
  6 rats
810 creatures vanquished.

Vanquished Creatures (collateral kills)
  A dire elephant (Lair:5)
  2 death yaks (Lair:5)
  A manticore (Lair:5)
  A rime drake (Lair:5)
  A shadow (D:9)
  A steam dragon (D:8)
  An orc warrior (D:8)
  2 orc wizards (D:8)
  3 gnolls (D:8)
  An orc (D:8)
14 creatures vanquished.

Vanquished Creatures (others)
  A will-o-the-wisp (Swamp:2)
  A bloated husk (Swamp:2)
  A wyvern (Lair:1)
  A vampire mosquito (Lair:2)
  8 foxfires (Swamp:1)
12 creatures vanquished.

Grand Total: 836 creatures vanquished

Notes
Turn   | Place    | Note
-------+----------+-------------------------------------------
     0 | D:1      | soseboi the Gargoyle Hunter began the quest for the Orb.
     0 | D:1      | Reached XP level 1. HP: 12/12 MP: 1/1
   110 | D:1      | Reached XP level 2. HP: 17/17 MP: 2/2
   349 | D:1      | Reached XP level 3. HP: 21/21 MP: 3/3
   489 | D:1      | Reached skill level 5 in Ranged Weapons
   899 | D:2      | Identified the +1 pair of boots of Gluttony {-Cast Str+5}
  1208 | D:2      | Reached XP level 4. HP: 26/26 MP: 4/4
  1629 | D:3      | Noticed Jessica
  1632 | D:3      | Killed Jessica
  1633 | D:3      | Reached skill level 6 in Ranged Weapons
  1633 | D:3      | Reached XP level 5. HP: 30/30 MP: 5/5
  1689 | D:3      | Found Daickosch's Book Shop.
  1729 | D:3      | Found a runed translucent door.
  1729 | D:3      | Noticed atomjack's ghost (amateur DsCj)
  1779 | D:3      | Found a faded altar of an unknown god.
  2133 | D:3      | Reached skill level 7 in Ranged Weapons
  2147 | D:4      | Reached XP level 6. HP: 23/35 MP: 6/6
  2385 | D:4      | Reached skill level 8 in Ranged Weapons
  2397 | D:4      | Found a glowing drain.
  2407 | Sewer    | Entered a sewer
  2555 | Sewer    | Reached XP level 7. HP: 38/40 MP: 7/7
  3419 | D:4      | Reached skill level 9 in Ranged Weapons
  3422 | D:4      | Found Boerog's Jewellery Shoppe.
  3496 | D:5      | Entered Level 5 of the Dungeon
  3496 | D:5      | Found Esoussohim's Weapon Shop.
  3510 | D:4      | Gained mutation: Your natural rate of healing is unusually
                  | fast. [potion of mutation]
  3510 | D:4      | Gained mutation: You are partially covered in iridescent
                  | scales. (AC +2) [potion of mutation]
  3510 | D:4      | Gained mutation: You expend magic power (3 MP) to
                  | strengthen your wands. [potion of mutation]
  3510 | D:4      | Gained mutation: Your spells are a little harder to cast,
                  | but a little more powerful. [potion of mutation]
  3513 | D:4      | HP: 2/40 [acid (7)]
  3645 | D:5      | Found Deno's Magic Scroll Shop.
  3653 | D:5      | Noticed Sigmund
  3730 | D:5      | Reached XP level 8. HP: 39/44 MP: 8/8
  3875 | D:5      | Bought a scroll of identify for 24 gold pieces
  3875 | D:5      | Bought a scroll of poison for 48 gold pieces
  3909 | D:5      | Killed Sigmund
  3910 | D:5      | Reached skill level 10 in Ranged Weapons
  3919 | D:5      | Found Jiukhlatzi's Armour Shoppe.
  4039 | D:5      | Found an ancient bone altar of Kikubaaqudgha.
  4114 | D:5      | Found Lebbe's Jewellery Shoppe.
  4138 | D:5      | Found Oruoca's General Store.
  4147 | D:5      | Bought a wand of mindburst (13) for 182 gold pieces
  4158 | D:5      | Found a snail-covered altar of Cheibriados.
  4215 | D:5      | Found a staircase to the Ecumenical Temple.
  4333 | Temple   | Entered the Ecumenical Temple
  4339 | Temple   | Became a worshipper of the Shining One
  4922 | D:6      | Noticed Duvessa
  4923 | D:6      | Reached skill level 11 in Ranged Weapons
  4924 | D:6      | Noticed Dowan
  4952 | D:6      | Killed Duvessa
  4964 | D:6      | Killed Dowan
  5531 | D:7      | Found a shimmering altar of Xom.
  5554 | D:7      | Reached XP level 9. HP: 48/48 MP: 9/9
  5951 | D:8      | Found a shadowy altar of Dithmenos.
  5984 | D:8      | Found a broken altar of Ashenzari.
  6006 | D:8      | Noticed a hornet
  6018 | D:8      | Killed a hornet
  6019 | D:8      | Reached skill level 12 in Ranged Weapons
  6196 | D:8      | Found a stormy altar of Qazlal.
  6461 | D:9      | Reached skill level 13 in Ranged Weapons
  6472 | D:9      | Noticed a hornet
  6489 | D:9      | Killed a hornet
  6901 | D:9      | Reached skill level 14 in Ranged Weapons
  6947 | D:9      | Reached XP level 10. HP: 34/54 MP: 10/10
  6953 | D:9      | Reached skill level 1 in Armour
  7036 | D:9      | You are sucked into a shaft and drop 3 floors!
  7058 | D:12     | Noticed an unseen horror
  7066 | D:12     | Killed an unseen horror
  7260 | D:11     | Noticed a cyclops
  7337 | D:11     | Noticed an unseen horror
  7347 | D:11     | Killed an unseen horror
  7414 | D:11     | Reached * piety under the Shining One
  7492 | D:11     | Killed a cyclops
  7533 | D:11     | Reached skill level 5 in Fighting
  7631 | D:10     | Entered Level 10 of the Dungeon
  8144 | D:9      | Found a sparkling altar of Nemelex Xobeh.
  8400 | D:9      | Reached skill level 15 in Ranged Weapons
  8573 | D:10     | Found a staircase to the Lair.
  8575 | D:10     | Found a blossoming altar of Fedhas.
  8601 | D:10     | Reached XP level 11. HP: 57/64 MP: 11/11
  8636 | D:10     | Reached skill level 5 in Armour
  8652 | D:10     | Identified the +3 helmet "Kehankac" {Rampage rCorr Str+3
                  | SInv}
  8728 | D:10     | Found a hide-covered altar of Uskayaw.
  8975 | D:10     | Found a hazy altar of Hepliaklqana.
  9036 | Lair:1   | Entered Level 1 of the Lair of Beasts
  9126 | D:10     | Reached skill level 16 in Ranged Weapons
  9265 | Lair:1   | Reached ** piety under the Shining One
  9306 | Lair:1   | Reached XP level 12. HP: 69/73 MP: 12/12
  9322 | Lair:1   | Noticed a death yak
  9324 | Lair:1   | Noticed a death yak
  9335 | Lair:1   | Noticed a death yak
  9346 | Lair:1   | Noticed a death yak
  9392 | Lair:1   | Killed a death yak
  9423 | Lair:1   | Killed a death yak
  9427 | Lair:1   | Killed a death yak
  9428 | Lair:1   | Killed a death yak
  9477 | Lair:1   | Noticed a death yak
  9477 | Lair:1   | Noticed a death yak
  9478 | Lair:1   | Noticed a death yak
  9485 | Lair:1   | Noticed a death yak
  9485 | Lair:1   | Killed a death yak
  9486 | Lair:1   | Reached skill level 17 in Ranged Weapons
  9495 | Lair:1   | Killed a death yak
  9505 | Lair:1   | Killed a death yak
  9525 | Lair:1   | Killed a death yak
  9836 | Lair:1   | Reached XP level 13. HP: 81/81 MP: 13/13
 10047 | Lair:2   | Noticed Gastronok
 10064 | Lair:2   | Killed Gastronok
 10065 | Lair:2   | Reached skill level 10 in Fighting
 10065 | Lair:2   | Reached skill level 18 in Ranged Weapons
 10186 | Lair:2   | Found a staircase to the Swamp.
 10251 | Lair:2   | Reached *** piety under the Shining One
 10290 | Lair:2   | Noticed Maggie
 10303 | Lair:2   | Killed Maggie
 10395 | Lair:2   | Noticed Harold
 10418 | Lair:2   | Killed Harold
 10419 | Lair:2   | Reached skill level 10 in Armour
 10569 | Lair:2   | Reached skill level 1 in Invocations
 11576 | Lair:3   | Found a staircase to the Snake Pit.
 12327 | Lair:4   | Gained mutation: Your large and strong wings let you fly.
                  | [Gargoyle growth]
 12327 | Lair:4   | Reached XP level 14. HP: 90/90 MP: 16/16
 12466 | Lair:4   | Identified the +3 chain mail of Tenacity {rF+++ SInv}
 12542 | Lair:4   | Found a staircase to the Slime Pits.
 12647 | Lair:4   | Reached skill level 5 in Stealth
 13119 | Lair:5   | Entered Level 5 of the Lair of Beasts
 13119 | Lair:5   | Reached **** piety under the Shining One
 13231 | Lair:4   | Reached skill level 5 in Invocations
 13314 | Lair:5   | Found an ornate altar of the Wu Jian Council.
 13317 | Lair:5   | Found a hide-covered altar of Uskayaw.
 13400 | Lair:5   | Reached skill level 19 in Ranged Weapons
 13963 | Lair:5   | Noticed a dire elephant
 13963 | Lair:5   | Reached ***** piety under the Shining One
 14016 | Lair:5   | Killed a dire elephant
 14146 | Lair:5   | Reached XP level 15. HP: 90/97 MP: 18/20
 14666 | D:11     | Found a transporter.
 14675 | D:11     | Found a transporter.
 14675 | D:11     | Noticed Errthou's ghost (novice TrBe)
 15103 | D:12     | Found a staircase to the Orcish Mines.
 16031 | D:13     | Identified the +5 chain mail "Qink" {rPois Int+2 Slay+3}
 16528 | D:13     | Found a gate to the Vaults.
 16608 | D:13     | Found the +8 Vampire's Tooth {megavamp}
 16740 | Orc:1    | Entered Level 1 of the Orcish Mines
 17273 | Orc:2    | Entered Level 2 of the Orcish Mines
 17438 | Orc:2    | Found a staircase to the Elven Halls.
 17615 | Orc:2    | Found Zyily's CLEARANCE SALE!.
 17623 | Orc:2    | Bought a scroll of enchant weapon for 30 gold pieces
 17732 | Orc:2    | Noticed Nessos
 17793 | Orc:1    | Killed Nessos
 17888 | Orc:2    | Noticed an orc warlord
 18054 | Orc:1    | Killed an orc warlord
 18221 | Orc:2    | Reached ****** piety under the Shining One
 18370 | Orc:2    | Found Reigil's Antique Armour Shop.
 18371 | Orc:2    | Found Berim's Antique Weapon Boutique.
 18373 | Orc:2    | Found Ymecaw's General Store.
 18373 | Orc:2    | Found Meozxuh's Book Shop.
 18380 | Orc:2    | Bought a shimmering arbalest for 190 gold pieces
 18380 | Orc:2    | Identified the +11 arbalest of Urok {antimagic, rN+ Int+3}
                  | (You bought it in a shop on level 2 of the Orcish Mines)
 18444 | Orc:2    | Bought a pair of glowing boots for 225 gold pieces
 18806 | D:14     | Reached XP level 16. HP: 104/104 MP: 7/22
 19460 | D:15     | Entered Level 15 of the Dungeon
 19477 | D:15     | Reached skill level 10 in Stealth
 19488 | D:14     | HP: 3/105 [white ugly thing (29)]
 19601 | D:15     | Reached skill level 20 in Ranged Weapons
 20084 | D:15     | Found a frozen archway.
 20102 | D:15     | Reached skill level 10 in Invocations
 20119 | IceCv    | Entered an ice cave
 20270 | D:15     | Found a staircase to the Depths.
 20624 | Snake:1  | Identified the "Voplupan"
 20624 | Swamp:1  | Entered Level 1 of the Swamp
 20624 | Swamp:1  | Noticed Frances
 20638 | Lair:2   | Killed Frances
 21197 | Swamp:2  | Reached XP level 17. HP: 60/112 MP: 23/25
 21884 | Swamp:3  | Reached skill level 15 in Fighting
 22009 | Swamp:3  | Slain by a spriggan rider

Illustrated notes

Levels and vault maps discovered:
D:1:      nzn_arrival_settlement, layout_loops_ring
D:2:      layout_basic, serial_undead, serial_undead_e, serial_undead_b,
          serial_undead_e, serial_undead_b
D:3:      layout_basic, gammafunk_ghost_grave, serial_shops,
          nicolae_shop_hallway_plus, hellmonk_ecumenical_altar_arch_garden,
          uniq_jessica
D:4:      layout_basic, serial_shops, nicolae_shop_tiny_glass,
          gup_sewer_entry_pipe, gup_ossuary_entry_pyramid
D:5:      layout_rooms, kennysheep_slug_shrine, kennysheep_vampire_church,
          minmay_temple_entry_glassed_door, serial_shops, shop,
          nicolae_shop_pleasant_corner_grove, nicolae_shop_hallway_stairs,
          nicolae_shop_bloodbath_and_beyond, shop,
          chequers_serial_rivers_small_a, corexii_item_surrounded_by_moat,
          uniq_sigmund
D:6:      layout_loops_ring, uniq_duvessa
D:7:      layout_basic, mainiacjoe_overflow_small_starburst
D:8:      layout_basic, grunt_dithmenos_smoke_and_mirrors, grunt_qazlal_clouds,
          ashenzari_conservatory_becter
D:9:      layout_layer_cave, nemelex_spade_bored_becter
D:10:     layout_big_octagon, mainiacjoe_overflow_alcove_1,
          nicolae_uskayaw_suspiria, mainiacjoe_overflow_tiny_flanked,
          david_lair_shrubbed, serial_column_ruins, column_ruins_hut_water,
          column_ruins_columns_straight, column_ruins_grid_1,
          column_ruins_grid_2
D:11:     layout_basic, gammafunk_ghost_arena, grunt_ministairs_3
D:12:     layout_long_grid, erik_orc_3
D:13:     layout_loops_ring, hellmonk_vaults_keyhole, gauntlet_entry_generic
D:14:     minmay_octagon_keep, layout_stronghold, serial_rivers,
          chequers_serial_rivers_marsh, chequers_serial_rivers_room_a,
          chequers_serial_rivers_marsh, chequers_serial_rivers_room_b
D:15:     grunt_enter_depths_snipers, layout_rooms, serial_ice, serial_ice_i,
          serial_ice_f, serial_ice_c, serial_ice_e,
          portal_ice_cave_entry_ugly_swarm, nicolae_figureground_pulse
Temple:   nicolae_temple_no_exploring_needed
Lair:1:   cheibrodos_lair_river_kwai, layout_concentric_octagons
Lair:2:   layout_cave_pods, minmay_swamp_entry_swarm, uniq_harold,
          uniq_gastronok, uniq_maggie
Lair:3:   layout_cave_pods, nicolae_snake_entry_warm_welcome
Lair:4:   statuecave_lemuel, layout_long_grid, dpeg_slime_entry_enclosed,
          chequers_serial_rivers_micro_a, hibernation_bobbens
Lair:5:   hangedman_lair_in_review, layout_long_grid,
          nzn_masters_of_martial_movement, infiniplex_staircase_pool_2
Swamp:1:  layout_falls_marsh, hangedman_swamp_blocks, uniq_frances
Swamp:2:  layout_falls_marsh, evilmike_swamp_ruin_house_4
Swamp:3:  layout_basic_swamp, serial_swamp_ruin, evilmike_swamp_ruin_house_3,
          evilmike_swamp_ruin_rubble_2
Orc:1:    nicolae_orc_accident_2, layout_caves
Orc:2:    st_orc_congregation, layout_diamond_mine, special_room,
          nicolae_shop_clearance, uniq_nessos

Skill      XL: |  1  2  3  4  5  6  7  8  9 10 11 12 13 14 15 16 17 |
---------------+----------------------------------------------------+-----
Ranged Weapons | 5 6 7 8 9 11 14 15 16 17 18 19 20 | 20.6
Armour         | 4 7 9 10 11 13 14 | 14.6
Fighting       | 5 7 9 11 12 13 14 15 | 15.0
Invocations    | 3 6 8 10 11 | 11.2
Stealth        | 4 7 9 10 | 10.0
Dodging        | |  1.5

Action                     |  1- 3 |  4- 6 |  7- 9 | 10-12 | 13-15 | 16-18 || total
---------------------------+-------+-------+-------+-------+-------+-------++-------
  Melee: Dagger            |       |       |   111 |    20 |       |       ||   131
         Punch             |       |       |     3 |       |       |       ||     3
         Short sword       |       |       |    27 |       |       |       ||    27
   Fire: Shortbow          |   115 |   239 |   289 |       |       |       ||   643
         Orcbow            |       |       |       |   539 |  1334 |       ||  1873
         Longbow           |       |       |       |       |   178 |   171 ||   349
         Arbalest          |       |       |       |       |    82 |   347 ||   429
 Invoke: Summon Divine War |       |       |       |       |     1 |       ||     1
  Evoke: Wand              |       |       |       |     5 |     4 |     4 ||    13
    Use: Potion            |       |       |     3 |       |       |       ||     3
         Scroll            |       |       |     8 |    10 |    14 |     4 ||    36
 Armour: Leather armour    |    36 |    97 |   108 |       |       |       ||   241
         Robe              |       |       |   122 |   209 |   124 |       ||   455
         Chain mail        |       |       |       |       |  1000 |   447 ||  1447
  Dodge: Dodged            |    31 |    64 |   141 |   164 |   462 |   147 ||  1009

Table legend: (Time is in decaauts)
 A = Elapsed time spent in this place.
 B = Non-inter-level travel time spent in this place.
 C = Inter-level travel time spent in this place.
 D = Time resting spent in this place.
 E = Time spent auto-exploring this place.
 F = Levels seen in this place.
 G = Mean time per level.
                   A        B        C        D        E       F      G
               +--------+--------+--------+--------+--------+-----+--------+
         Total |  22025 |  20401 |   1624 |    906 |  13627 |  28 |  786.6 |
       Dungeon |  12617 |  11432 |   1185 |    437 |   7865 |  15 |  841.1 |
        Temple |     12 |      1 |     11 |      0 |      0 |   1 |   12.0 |
          Lair |   5365 |   5093 |    272 |    215 |   3350 |   5 | 1073.0 |
         Swamp |   1357 |   1309 |     48 |     49 |    933 |   3 |  452.3 |
  Orcish Mines |   1784 |   1678 |    106 |    109 |    915 |   2 |  892.0 |
         Sewer |    883 |    883 |      0 |     95 |    563 |   1 |  883.0 |
      Ice Cave |      5 |      5 |      0 |      0 |      0 |   1 |    5.0 |
               +--------+--------+--------+--------+--------+-----+--------+

Top non-repeatable levels by time:
     D:9: 1491 daAuts
  Lair:5: 1294 daAuts
  Lair:4: 1226 daAuts
    D:12: 1130 daAuts
    D:11: 1000 daAuts
   Orc:2: 997 daAuts
    D:15: 987 daAuts
  Lair:2: 963 daAuts
  Lair:3: 945 daAuts
    D:14: 939 daAuts
  Lair:1: 936 daAuts
     D:1: 928 daAuts
     D:2: 910 daAuts
     D:4: 906 daAuts
   Sewer: 883 daAuts
